 Dungeon Crawl Stone Soup version 0.30.1-3-gfc49f6343a (webtiles) character file.

Game seed: 7662172246650117363

199 Jerry the Covered (level 5, -2/47 HPs)
             Began as a Minotaur Fighter on Aug 4, 2023.
             Was an Initiate of Qazlal.
             Slain by Grinder (5 damage)
             ... on level 3 of the Dungeon.
             The game lasted 00:05:41 (1651 turns).

Jerry the Covered (Minotaur Fighter)                Turns: 1651, Time: 00:05:42

Health: -2/47      AC:  9    Str: 21    XL:     5   Next: 48%
Magic:  5/5        EV:  8    Int:  7    God:    Qazlal [......]
Gold:   163        SH:  4    Dex:  9    Spells: 4/4 levels left

rFire   . . .        a - +0 war axe
rCold   . . .        c - +0 buckler
rNeg    . . .        e - +0 chain mail
rPois   .            (helmet restricted)
rElec   .            (no cloak)
rCorr   .            (no gloves)
SInv    .            (no boots)
Will    .....        (no amulet) Stlth
                     (no ring)
HPRegen 0.27/turn    (no ring)
MPRegen 0.09/turn

%: no passive effects
@: no status effects
A: horns 2, retaliatory headbutt
a: Renounce Religion


You were on level 3 of the Dungeon.
You worshipped Qazlal.
Qazlal was noncommittal.
You visited 1 branch of the dungeon, and saw 3 of its levels.

You collected 163 gold pieces.

Inventory:

Hand Weapons
 a - a +0 war axe (weapon)
Missiles
 j - 6 datura-tipped darts (quivered)
Armour
 b - a +0 scale mail
 c - a +0 buckler (worn)
 e - a +0 chain mail (worn)
 o - a +0 helmet
Jewellery
 d - a +6 ring of intelligence
Scrolls
 f - 6 scrolls of identify {unknown}
 g - a scroll of brand weapon {unknown}
 l - a scroll of teleportation {unknown}
 n - 2 scrolls of poison {unknown}
 p - a scroll of enchant armour {unknown}
Potions
 h - a potion of degeneration {unknown}
 i - a potion of curing {unknown}
 k - a potion of haste {unknown}
 m - 2 potions of brilliance {unknown}


   Skills:
 + Level 4.7 Fighting
 + Level 3.8 Axes
 + Level 4.7 Armour
 + Level 4.7 Shields
 + Level 1.9 Invocations


You had 4 spell levels left.
You didn't know any spells.
Your spell library was empty.

Dungeon Overview and Level Annotations

Branches:
Dungeon (3/15)

Altars:
Qazlal

Annotations:
D:3 Grinder


Innate Abilities, Weirdness & Mutations

You have a pair of horns on your head.
You reflexively headbutt those who attack you in melee.


Message History

You slash Grinder! You headbutt Grinder.
Grinder is moderately wounded.
Grinder hits you! Grinder gestures at you. Pain shoots through your body!
An orc comes into view.
It is wielding a +0 trident and quivering silver boomerangs.
Okay, then.
You closely miss Grinder.
Grinder is moderately wounded.
The orc shouts!
The orc barely misses you. Grinder hits you but does no damage.
You barely miss Grinder.
Grinder is moderately wounded.
The orc barely misses you. Grinder gestures at you.
Pain shoots through your body!
You slash Grinder!
Grinder is severely wounded.
Grinder gestures at you. Pain shoots through your body!
* * * LOW HITPOINT WARNING * * *
The orc barely misses you.
You closely miss Grinder.
Grinder is severely wounded.
Grinder closely misses you.
The orc hits you from afar with a +0 trident.
* * * LOW HITPOINT WARNING * * *
The orc hits you from afar with a +0 trident.
* * * LOW HITPOINT WARNING * * *
Grinder barely misses you.
You slash Grinder!
Grinder is almost dead.
You block the orc's attack. Grinder hits you.
* * * LOW HITPOINT WARNING * * *
You hit Grinder.
Grinder is almost dead.
Grinder hits you.
* * * LOW HITPOINT WARNING * * *
You writhe in agony.
You die...

# #.# .## #..) ..#
#.... #.#
#....o##### #.#
#....r5@..# #.#
#....####.# #.#
### #.# #.####
#.###...<#
#....########
#.##.####.........
.......<...######
##.#.........#
###...#.#.#


You could see Grinder, an orc and a rat.

Vanquished Creatures
  Sigmund (D:2)
  Jessica (D:2)
  4 endoplasms
  A giant cockroach (D:2)
  4 hobgoblins
  3 quokkas
  4 ball pythons
  2 kobolds
  A rat (D:1)
21 creatures vanquished.

Notes
Turn   | Place    | Note
-------+----------+-------------------------------------------
     0 | D:1      | Jerry the Minotaur Fighter began the quest for the Orb.
     0 | D:1      | Reached XP level 1. HP: 19/19 MP: 0/0
   448 | D:1      | Reached XP level 2. HP: 27/27 MP: 1/1
   955 | D:2      | Found a stormy altar of Qazlal.
   971 | D:2      | Became a worshipper of Qazlal Stormbringer
  1173 | D:2      | Noticed Sigmund
  1193 | D:2      | Killed Sigmund
  1194 | D:2      | Reached skill level 1 in Invocations
  1194 | D:2      | Reached XP level 3. HP: 12/34 MP: 1/3
  1194 | D:2      | Reached XP level 4. HP: 15/41 MP: 1/4
  1194 | D:2      | Reached XP level 5. HP: 17/47 MP: 1/5
  1369 | D:2      | Noticed Jessica
  1373 | D:2      | Killed Jessica
  1642 | D:3      | Noticed Grinder
  1651 | D:3      | Slain by Grinder

Illustrated notes

Levels and vault maps discovered:
D:1:      co_arrival_random_square_maze, layout_basic, due_unseen_surprise
D:2:      layout_basic, serial_forest, infiniplex_forest_clump_small,
          infiniplex_forest_lined_2, infiniplex_forest_lined_2,
          infiniplex_forest_side_room, infiniplex_forest_straight_3,
          infiniplex_forest_diagonal, basic_altar,
          chequers_serial_rivers_small_a, uniq_jessica, uniq_sigmund
D:3:      layout_basic, nicolae_overflow_hidden_temple,
          hellmonk_ecumenical_altar_heavens_door, minmay_misc_feat_encased,
          uniq_grinder

Skill      XL: |  1  2 |
---------------+-------+-----
Fighting       | 4 |  4.7
Axes           | 3 |  3.8
Armour         | 4 |  4.7
Shields        | 4 |  4.7
Invocations    | 1 |  1.9

Action                     |  1- 3 |  4- 6 || total
---------------------------+-------+-------++-------
  Melee: War axe           |    31 |    12 ||    43
         Headbutt          |     5 |     2 ||     7
    Use: Potion            |     1 |       ||     1
 Armour: Chain mail        |     9 |     2 ||    11
  Dodge: Dodged            |    10 |     9 ||    19
  Block: Buckler           |     6 |     1 ||     7
